 Dungeon Crawl Stone Soup version 0.31-a0-986-g5e6e4ef867 (webtiles) character file.

Game seed: 6612322930584259164

462 Danienth the Twirler (level 7, -8/40 HPs)
             Began as a Tengu Air Elementalist on Nov 7, 2023.
             Was a Believer of Sif Muna.
             Mangled by Duvessa
             ... wielding a +0 short sword
              (11 damage)
             ... on level 4 of the Dungeon.
             The game lasted 00:22:16 (5397 turns).

Danienth the Twirler (Tengu Air Elementalist)       Turns: 5397, Time: 00:22:16

Health: -8/40      AC:  5    Str: 12    XL:     7   Next: 7%
Magic:  12/20      EV: 16    Int: 15    God:    Sif Muna [**....]
Gold:   135        SH:  5    Dex: 16    Spells: 6/10 levels left

rFire   + . .        m - +3 Elemental Staff {ele, rElec rF+ rC+ AC+3}
rCold   + . .        (no shield)
rNeg    . . .        p - +0 robe {Will+}
rPois   .            (helmet restricted)
rElec   +            (no cloak)
rCorr   .            (no gloves)
SInv    .            (boots unavailable)
Will    +....        g - amulet "Etofou Huig" {Reflect Rampage rElec Str+3 SH+5}
Stlth   ++           o - ring of magical power
HPRegen 0.26/turn    (no ring)
MPRegen 0.17/turn

%: reflection, acrobat, rampage
@: about to teleport, flying
A: beak, talons 3, evasive flight, acrobatic
a: Renounce Religion, Channel Magic


You were on level 4 of the Dungeon.
You worshipped Sif Muna.
Sif Muna was pleased with you.
You visited 1 branch of the dungeon, and saw 5 of its levels.

You collected 235 gold pieces.
You spent 100 gold pieces at shops.

Inventory:

Hand Weapons
 d - a +0 dagger
 k - a +1 short sword
 m - the +3 Elemental Staff (weapon) {ele, rElec rF+ rC+ AC+3}
   (You acquired it on level 2 of the Dungeon)

   AC+3:      It affects your AC (+3).
   rF+:       It protects you from fire.
   rC+:       It protects you from cold.
   rElec:     It insulates you from electricity.
Missiles
 i - 2 curare-tipped darts
 l - 9 poisoned darts
Armour
 a - a +0 robe
 p - a +0 robe of willpower (worn)
Magical Staves
 c - a staff of death
Jewellery
 g - the amulet "Etofou Huig" (around neck) {Reflect Rampage rElec Str+3 SH+5}
   (You acquired it on level 3 of the Dungeon)

   [amulet of reflection]

   Reflect:   It reflects blocked missile attacks.
   Str+3:     It affects your strength (+3).
   rElec:     It insulates you from electricity.
   SH+5:      It affects your SH (+5).
   Rampage:   It bestows one free step when moving towards enemies.
 o - a ring of magical power (left hand)
Wands
 r - a wand of paralysis (4)
Scrolls
 h - a scroll of silence
 j - a scroll of amnesia {unknown}
 n - 2 scrolls of identify
Potions
 b - a potion of magic
 q - a potion of might {unknown}
 v - 2 potions of ambrosia {unknown}


   Skills:
 - Level 2.7 Fighting
 * Level 6.2 Staves
 - Level 2.2 Dodging
 - Level 2.0 Stealth
 - Level 2.0 Spellcasting
 - Level 3.5 Conjurations
 - Level 4.0 Air Magic


You had 6 spell levels left.
You knew the following spells:

 Your Spells              Type           Power      Damage    Failure   Level
a - Shock                 Conj/Air       76%        1d7       4%          1
b - Swiftness             Air            20%        N/A       13%         3

Your spell library contained the following spells:

 Spells                   Type           Power      Damage    Failure   Level
 Static Discharge         Conj/Air       38%        3-5/arc   7%          2
 Necrotise                Necr           4%         1d4       22%         1
 Airstrike                Air            10%        2d(2-18)  38%         4
 Vampiric Draining        Necr           1%         2d6       54%         3
 Agony                    Necr           1%         N/A       99%         5


Dungeon Overview and Level Annotations

Branches:
Dungeon (5/15)             Temple (0/1) D:4

Altars:
Sif Muna

Shops:
D:1 [

Annotations:
D:4 Duvessa


Innate Abilities, Weirdness & Mutations

You have a beak for a mouth.
You have claws for feet.
Your magical flight helps you evade attacks. (EV +4)
You can magically evade attacks while moving or waiting.


Message History

You feel better. Duvessa barely misses you.
Hit: m) +3 Elemental Staff {ele, rElec rF+ rC+ AC+3}
Press: ? - help, Dir - move target, f/p - Duvessa
Aim: Duvessa, wielding a +0 short sword, wearing a +0 ring mail and carrying a wand of polymorph (heavily wounded, berserk, about 25% to evade the +3 Elemental Staff)
You hit Duvessa but do no damage.
Duvessa is heavily wounded.
Duvessa misses you. x2
Hit: m) +3 Elemental Staff {ele, rElec rF+ rC+ AC+3}
Press: ? - help, Dir - move target, f/p - Duvessa
Aim: Duvessa, wielding a +0 short sword, wearing a +0 ring mail and carrying a wand of polymorph (heavily wounded, berserk, about 25% to evade the +3 Elemental Staff)
You hit Duvessa but do no damage. You claw Duvessa.
Duvessa is severely wounded.
Duvessa closely misses you.
Hit: m) +3 Elemental Staff {ele, rElec rF+ rC+ AC+3}
Press: ? - help, Dir - move target, f/p - Duvessa
Aim: Duvessa, wielding a +0 short sword, wearing a +0 ring mail and carrying a wand of polymorph (severely wounded, berserk, about 25% to evade the +3 Elemental Staff)
You hit Duvessa. Your kick misses Duvessa.
Duvessa is severely wounded.
You no longer feel sluggish.
You block Duvessa's attack.
Hit: m) +3 Elemental Staff {ele, rElec rF+ rC+ AC+3}
Press: ? - help, Dir - move target, f/p - Duvessa
Aim: Duvessa, wielding a +0 short sword, wearing a +0 ring mail and carrying a wand of polymorph (severely wounded, berserk, about 25% to evade the +3 Elemental Staff)
You hit Duvessa but do no damage. You claw Duvessa, but do no damage.
Duvessa is severely wounded.
Duvessa hits you with a +0 short sword! x2
* * * LOW HITPOINT WARNING * * *
As you read the scroll labelled LUIWYLLE EJUITS, it dissolves into smoke.
It was a scroll of fog.
Duvessa hits you but does no damage. Duvessa attacks as she pursues you!
Duvessa completely misses you. Duvessa closely misses you.
Duvessa barely misses you.
As you read the scroll labelled BABUHA DI SONA, it crumbles to dust.
It is a scroll of enchant weapon.
Your +0 short sword glows red for a moment.
Duvessa misses you.
As you read the scroll labelled VISUTODIER, it crumbles to dust.
You feel strangely unstable.
It was a scroll of teleportation.
Duvessa misses you. Duvessa hits you with a +0 short sword!
You die...

....)## ##..........##.....## #
......## #..........###.#### #
.......####..........##..## ##
.........###§§§§......##..######.
#..........##§§§.......#.........
......>....§§§§§.......#.........
....##########§§§.....)).###..#..
.....#~~~~~~~#§e§......).##..#...
.....#~~...~~#..@...##...#..##...
.....#~..♣..~#..[.......##..##...
....)'..♣♣♣..'..........#..##....
.....#~..♣..~#.....)...#..####...
..)†.#~~...~~#......[..#..# ...
.....#~~~~~~~#...........## ...
.....#########..........##
....##...##.............# #..#
##..†.#...)......)##


You could see Duvessa (berserk).

Vanquished Creatures
  A water moccasin (D:4)
  Dowan (D:4)
  An orc priest (D:4)
  A hound (D:5)
  Ijyb (D:3)
  An iguana (D:4)
  An orc wizard (D:4)
  4 gnolls
  5 adders
  A worm (D:2)
  A dart slug (D:3)
  7 orcs (D:4)
  5 endoplasms
  4 giant cockroaches
  7 goblins
  7 hobgoblins
  6 jackals
  11 kobolds
  5 quokkas
  8 ball pythons
  5 bats
  7 frilled lizards
  8 rats
98 creatures vanquished.

Notes
Turn   | Place    | Note
-------+----------+-------------------------------------------
     0 | D:1      | Danienth the Tengu Air Elementalist began the quest for the
                  | Orb.
     0 | D:1      | Reached XP level 1. HP: 10/10 MP: 4/4
   673 | D:1      | Reached XP level 2. HP: 16/16 MP: 0/6
  1075 | D:1      | Reached skill level 1 in Fighting
  1185 | D:1      | Reached XP level 3. HP: 20/20 MP: 2/7
  1970 | D:1      | Found Adofutwi's Armour Shoppe.
  2005 | D:2      | Found a faded altar of an unknown god.
  2006 | D:2      | Identified 3 scrolls of acquirement
  2006 | D:2      | Acquired the +3 Elemental Staff {ele, rElec rF+ rC+ AC+3}
  2006 | D:2      | Found the +3 Elemental Staff {ele, rElec rF+ rC+ AC+3}
  2012 | D:2      | Learned a level 3 spell: Swiftness
  2038 | D:2      | Prayed at the altar of an unknown god.
  2038 | D:2      | Became a worshipper of Sif Muna the Loreminder
  2038 | D:2      | Reached * piety under Sif Muna
  2228 | D:2      | Reached skill level 1 in Staves
  2645 | D:2      | Reached XP level 4. HP: 26/26 MP: 5/8
  3120 | D:3      | Acquired a ring of magical power
  3123 | D:3      | Acquired the amulet "Etofou Huig" {Reflect Rampage rElec
                  | Str+3 SH+5}
  3305 | D:1      | Bought a +0 robe of willpower for 100 gold pieces
  3372 | D:3      | Reached skill level 2 in Staves
  3389 | D:3      | Noticed Ijyb
  3413 | D:3      | Paralysed by Ijyb for 4 turns
  3418 | D:3      | Killed Ijyb
  3419 | D:3      | Reached XP level 5. HP: 9/31 MP: 9/9
  3688 | D:3      | Reached ** piety under Sif Muna
  3694 | D:3      | Reached skill level 3 in Staves
  4164 | D:4      | Noticed a water moccasin
  4177 | D:4      | Killed a water moccasin
  4178 | D:4      | Reached skill level 4 in Staves
  4178 | D:4      | Reached XP level 6. HP: 8/36 MP: 10/10
  4423 | D:4      | Reached skill level 5 in Staves
  4609 | D:4      | Noticed Duvessa
  4611 | D:4      | Noticed Dowan
  4626 | D:5      | Entered Level 5 of the Dungeon
  5087 | D:4      | Found a staircase to the Ecumenical Temple.
  5363 | D:4      | Killed Dowan
  5364 | D:4      | Reached skill level 6 in Staves
  5364 | D:4      | Gained mutation: Your magical flight helps you evade
                  | attacks. (EV +4) [Tengu growth]
  5364 | D:4      | Reached XP level 7. HP: 21/40 MP: 10/11
  5391 | D:4      | HP: 1/40 [Duvessa/+0 short sword (16)]
  5397 | D:4      | Mangled by Duvessa

Illustrated notes

Levels and vault maps discovered:
D:1:      dreamdust_arrival_beginning_and_end, layout_basic, serial_shops,
          nicolae_shop_pleasant_corner_grove, serial_bayou_pond_b
D:2:      layout_loops_cross, hellmonk_ecumenical_altar_pennies_from_heaven
D:3:      layout_rooms, grunt_decor_mini_mirrors, guppyfry_early_lair_pool,
          uniq_ijyb
D:4:      layout_cave_pods, minmay_temple_entry_butterflies,
          kennysheep_generic_room_8, uniq_duvessa
D:5:      layout_basic, hangedman_feature_mirror

Skill      XL: |  1  2  3  4  5  6 |
---------------+-------------------+-----
Conjurations   | 2 3 |  3.5
Fighting       | 1 2 |  2.7
Staves         | 1 2 4 6 |  6.2
Dodging        | |  2.2
Stealth        | |  2.0
Spellcasting   | |  2.0
Air Magic      | |  4.0

Action                     |  1- 3 |  4- 6 |  7- 9 || total
---------------------------+-------+-------+-------++-------
  Melee: Staff             |     2 |    53 |    13 ||    68
         Kick              |       |    13 |     6 ||    19
         Peck              |       |    11 |     4 ||    15
         Unarmed           |       |     9 |       ||     9
   Cast: Shock             |    76 |   122 |       ||   198
         Swiftness         |       |     2 |     1 ||     3
    Use: Scroll            |     1 |     4 |     4 ||     9
         Potion            |       |       |     5 ||     5
 Armour: Robe              |     7 |    28 |    15 ||    50
         Skin              |       |     4 |       ||     4
  Dodge: Dodged            |    27 |    29 |    21 ||    77
  Block: Other             |       |    14 |     4 ||    18

Table legend: (Time is in decaauts)
 A = Elapsed time spent in this place.
 B = Non-inter-level travel time spent in this place.
 C = Inter-level travel time spent in this place.
 D = Time resting spent in this place.
 E = Time spent auto-exploring this place.
 F = Levels seen in this place.
 G = Mean time per level.
                   A        B        C        D        E       F      G
               +--------+--------+--------+--------+--------+-----+--------+
         Total |   5396 |   5078 |    318 |   1647 |   2869 |   5 | 1079.2 |
       Dungeon |   5396 |   5078 |    318 |   1647 |   2869 |   5 | 1079.2 |
               +--------+--------+--------+--------+--------+-----+--------+

Top non-repeatable levels by time:
     D:1: 2073 daAuts
     D:2: 1152 daAuts
     D:3: 948 daAuts
     D:4: 808 daAuts
     D:5: 412 daAuts
